 Dungeon Crawl Stone Soup version 0.27-a0-1590-g15f69828bf (webtiles) character file.

Game seed: 16719199770935870625

2809 tatocazan the Protected (level 9, -7/82 HPs)
             Began as a Minotaur Fighter on July 19, 2021.
             Was a Follower of Uskayaw.
             Mangled by an orc warrior (32 damage)
             ... in a bailey.
             The game lasted 00:11:21 (7902 turns).

tatocazan the Protected (Minotaur Fighter)          Turns: 7902, Time: 00:11:22

Health: -7/82      AC: 15    Str: 24    XL:     9   Next: 44%
Magic:  8/8        EV:  8    Int:  5    God:    Uskayaw [*.....]
Gold:   274        SH:  9    Dex: 10    Spells: 8/8 levels left

rFire    . . .     SeeInvis +   M - +3 war axe
rCold    + . .     Faith    .   v - +3 buckler "Xeevvioh" {rPois Stlth+}
rNeg     . . .     Spirit   .   y - +0 chain mail
rPois    +         Reflect  .   (helmet restricted)
rElec    .         Harm     .   w - +0 cloak
rCorr    .         Rampage  .   F - +0 pair of gloves
Will     .....                  (no boots)
Stlth    ..........             (no amulet)
HPRegen  0.23/turn              j - ring of protection from cold
MPRegen  0.11/turn              o - ring of see invisible

@: studying Armour
A: horns 2, retaliatory headbutt
a: Renounce Religion, Stomp


You were in a bailey.
You worshipped Uskayaw.
Uskayaw was noncommittal.
You visited 2 branches of the dungeon, and saw 9 of its levels.
You also visited: Bailey.

You collected 345 gold pieces.
You spent 71 gold pieces at shops.

Inventory:

Hand Weapons
 a - a +0 war axe
 r - a +2 hand axe of freezing
 M - a +3 war axe (weapon)
Missiles
 D - 8 curare-tipped darts (quivered)
Armour
 b - a +0 scale mail
 c - a +0 kite shield
 v - the +3 buckler "Xeevvioh" (worn) {rPois Stlth+}
   (You found it on level 5 of the Dungeon)

   rPois:     It protects you from poison.
   Stlth:     It makes you more stealthy.
 w - a +0 cloak (worn)
 y - a +0 chain mail (worn)
 F - a +0 pair of gloves (worn)
Jewellery
 j - a ring of protection from cold (left hand)
 o - a ring of see invisible (right hand)
 x - an amulet of magic regeneration
 A - a +4 ring of evasion
 G - an amulet of reflection
Wands
 O - a wand of iceblast (5)
Scrolls
 e - a scroll of brand weapon {unknown}
 g - 2 scrolls of enchant weapon {unknown}
 i - 3 scrolls of teleportation
 n - 6 scrolls of identify {unknown}
 p - a scroll of noise {unknown}
 u - a scroll of blinking {unknown}
 z - 2 scrolls of holy word {unknown}
 B - a scroll of amnesia {unknown}
 E - a scroll of fog {unknown}
 H - a scroll of magic mapping
 J - a scroll of immolation {unknown}
 K - 2 scrolls of fear {unknown}
 N - a scroll of torment {unknown}
Potions
 d - 5 potions of curing {unknown}
 f - 2 potions of berserk rage {unknown}
 h - a potion of magic {unknown}
 k - 2 potions of degeneration {unknown}
 l - 3 potions of brilliance {unknown}
 m - a potion of ambrosia {unknown}
 q - a potion of cancellation {unknown}
 s - a potion of lignification {unknown}
 t - 2 potions of flight {unknown}
 C - 2 potions of attraction {unknown}
 I - 2 potions of haste {unknown}
 L - a potion of invisibility {unknown}
 P - a potion of mutation {unknown}


   Skills:
 + Level 8.7 Fighting
 + Level 8.1 Axes
 + Level 11.0 Armour
 + Level 8.7 Shields


You had 8 spell levels left.
You didn't know any spells.
Your spell library contained the following spells:

 Spells                   Type           Power      Damage    Failure   Level
 Blink                    Tloc           N/A        N/A       99%         2
 Sublimation of Blood     Necr           0%         N/A       99%         2
 Wereblood                Tmut           0%         N/A       99%         2
 Passage of Golubria      Tloc           N/A        N/A       100%        4
 Manifold Assault         Tloc           0%         N/A       100%        5
 Silence                  Hex/Air        0%         N/A       100%        5
 Storm Form               Tmut/Air       0%         N/A       100%        7
 Summon Hydra             Summ           0%         N/A       100%        7
 Lehudib's Crystal Spear  Conj/Erth      0%         10d2      100%        8


Dungeon Overview and Level Annotations

Branches:
Dungeon (8/15)             Temple (1/1) D:6          Bailey (1/1)
   Lair: D:8-11

Altars:
Ashenzari
Cheibriados
Dithmenos
Elyvilon
Fedhas
Gozag
Hepliaklqana
Kikubaaqudgha
Makhleb
Nemelex Xobeh
Okawaru
Qazlal
Ru
Sif Muna
Trog
Uskayaw
Vehumet
Wu Jian
Xom
Yredelemnul
Zin
The Shining One

Shops:
D:4 :*(!

Annotations:
D:4 2 runed translucent doors, gressup's ghost, amateur OgTm


Innate Abilities, Weirdness & Mutations

You have a pair of horns on your head.
You reflexively headbutt those who attack you in melee.


Message History

Found two gates leading back out of this place.
There is an empty arch of ancient stone here.
There are monsters nearby!
There are monsters nearby!
There are monsters nearby!
There are monsters nearby!
There are monsters nearby!
An orc, an orc warrior and 2 orc knights come into view.
Found two gates leading back out of this place.
The orc warrior shouts!
The orc shouts!
The orc knight roars a battlecry!
The orcs go into a battle-frenzy! 2 orc warriors come into view.
The orc warrior shouts! x2
The orc warrior moves out of view. x2
The orc warrior shoots a bolt.
The bolt barely misses you.
The orc knight roars a battlecry!
The orc knight goes into a battle-frenzy!
The orc hits you from afar with a +0 trident.
The orc warrior hits you but does no damage.
The orc hits you but does no damage. You block the orc warrior's attack.
The orc hits you but does no damage. The orc warrior completely misses you.
You block the orc warrior's attack.
The orc warrior hits you from afar with a +0 halberd.
The orc warrior shoots a bolt.
The bolt hits you!
You take 19 damage, and have 58/82 hp.
MASSIVE DAMAGE!!
The orc warrior hits you from afar with a +0 halberd!
The orc closely misses you.
You take 15 damage, and have 43/82 hp.
You are too injured to fight recklessly!
You are too injured to fight recklessly!
You are too injured to fight recklessly!
You are too injured to fight recklessly!
The orc warrior hits you but does no damage.
The orc warrior hits you from afar with a +0 halberd!!
There is an empty arch of ancient stone, spattered with blood here.
You take 18 damage, and have 25/82 hp.
MASSIVE DAMAGE!!
There is a gate leading back out of this place here.
The orc warrior hits you from afar with a +0 halberd!!
You die...

### # ##@## ######
.... #.∩.##.....##
≈≈≈..#ooo#..≈≈≈..#
≈o≈≈....o..≈≈o≈≈.#
.oo≈.......≈oo.≈.+
≈o≈≈.......≈≈o≈≈.#
≈≈≈..#...#..≈≈≈..#
....##...##.....##
#### ##∩## ######


You could see 3 orc warriors and an orc.

Vanquished Creatures
  Pikel (D:8)
  2 water moccasins
  3 sky beasts (D:6)
  2 necrophages
  4 ogres
  A centaur (D:7)
  A lemure (D:8)
  A bullfrog (D:6)
  A gnoll sergeant (D:5)
  A wyvern skeleton (D:6)
  6 killer bees (D:8)
  A water moccasin skeleton (D:5)
  5 wights (D:7)
  A howler monkey (D:8)
  A bullfrog zombie (D:5)
  4 hounds
  A jelly (D:8)
  2 orc priests
  2 iguanas
  An orc wizard (D:6)
  Robin (D:3)
  5 gnolls (D:5)
  A howler monkey skeleton (D:7)
  8 adders
  3 white imps
  2 dart slugs
  2 worms (D:3)
  17 orcs
  6 ball pythons
  7 bats
  6 endoplasms
  5 giant cockroaches
  18 goblins
  11 hobgoblins
  A jackal (D:3)
  4 quokkas
  A frilled lizard (D:3)
  7 kobolds
  15 rats
161 creatures vanquished.

Notes
Turn   | Place    | Note
-------+----------+-------------------------------------------
     0 | D:1      | tatocazan the Minotaur Fighter began the quest for the Orb.
     0 | D:1      | Reached XP level 1. HP: 19/19 MP: 0/0
   160 | D:1      | Reached XP level 2. HP: 27/27 MP: 1/1
   484 | D:1      | Reached skill level 4 in Armour
   699 | D:1      | Found a faded altar of an unknown god.
   795 | D:1      | Reached XP level 3. HP: 33/33 MP: 2/2
  1877 | D:2      | Reached XP level 4. HP: 36/41 MP: 3/3
  2265 | D:3      | Noticed Robin
  2280 | D:3      | Killed Robin
  2533 | D:3      | Reached XP level 5. HP: 47/47 MP: 4/4
  2999 | D:4      | Found a runed translucent door.
  3005 | D:4      | Noticed gressup's ghost (amateur OgTm)
  3022 | D:4      | Found Kesy's General Store.
  3024 | D:4      | Found Qegi's Distillery.
  3059 | D:4      | Reached skill level 5 in Armour
  3061 | D:4      | Reached skill level 5 in Shields
  3347 | D:4      | Found a bloodstained altar of Trog.
  3369 | D:4      | Found Cirheil's Antique Weapon Shoppe.
  3430 | D:4      | You fall into a shaft and drop 2 floors!
  3430 | D:6      | Noticed an ogre
  3445 | D:5      | Entered Level 5 of the Dungeon
  3451 | D:5      | Reached skill level 5 in Fighting
  3466 | D:5      | Noticed a necrophage
  3471 | D:5      | Killed a necrophage
  3472 | D:5      | Reached XP level 6. HP: 48/56 MP: 5/5
  3554 | D:5      | Identified the +3 buckler "Xeevvioh" {rPois Stlth+}
  3670 | D:5      | Reached skill level 6 in Armour
  4028 | D:5      | Noticed a water moccasin
  4036 | D:5      | Killed a water moccasin
  4037 | D:5      | Reached skill level 5 in Axes
  4037 | D:5      | Reached XP level 7. HP: 62/62 MP: 6/6
  4337 | D:5      | Reached skill level 7 in Armour
  4949 | D:6      | Reached skill level 8 in Armour
  4949 | D:6      | Reached XP level 8. HP: 47/71 MP: 7/7
  5356 | D:6      | Reached skill level 9 in Armour
  5626 | D:4      | Bought a scroll of teleportation for 33 gold pieces
  5626 | D:4      | Bought a scroll of magic mapping for 38 gold pieces
  5645 | D:4      | Found a runed translucent door.
  5909 | D:4      | Found Intoseom's Book Shop.
  6092 | D:6      | Found a staircase to the Ecumenical Temple.
  7001 | D:7      | Reached skill level 10 in Armour
  7201 | D:7      | Reached XP level 9. HP: 78/81 MP: 8/8
  7429 | Temple   | Entered the Ecumenical Temple
  7702 | Temple   | Became a worshipper of Uskayaw the Reveller
  7753 | D:8      | Noticed Pikel
  7755 | D:8      | Reached * piety under Uskayaw
  7757 | D:8      | Reached ** piety under Uskayaw
  7759 | D:8      | Killed Pikel
  7845 | D:8      | Reached *** piety under Uskayaw
  7846 | D:8      | Reached **** piety under Uskayaw
  7847 | D:8      | Reached ***** piety under Uskayaw
  7848 | D:8      | Reached skill level 11 in Armour
  7879 | D:8      | Found a flagged portal.
  7891 | Bailey   | Entered a bailey
  7892 | Bailey   | Noticed an orc knight
  7892 | Bailey   | Noticed an orc knight
  7902 | Bailey   | Mangled by an orc warrior

Illustrated notes

Levels and vault maps discovered:
D:1:      dpeg_arrival_subterranean_lakeside_camping, layout_basic,
          shapermc_ecumenical_altar_acropolis
D:2:      layout_basic, serial_corexii_hall, chequers_hall_statues_y,
          corexii_hall_statues_i, corexii_hall_statues_x
D:3:      minmay_angry_zag, layout_basic, uniq_robin
D:4:      layout_loops_ring, lemuel_coloured_pillars_altar, serial_shops, shop,
          nicolae_shop_waterfront, nicolae_shop_trees, nicolae_shop_stone,
          ebering_ghost_sewer_f, minmay_misc_feat_square
D:5:      layout_rooms, serial_glass, glass_columns_b, glass_columns_a,
          kennysheep_generic_room_11
D:6:      layout_basic, temple_hall_moat, minmay_diced_spiral
D:7:      layout_basic, nicolae_sextant
D:8:      layout_loops_cross, enter_bailey_6, uniq_maggie, uniq_pikel
Temple:   regret_index_temple_sigil_plot
Bailey:   bailey_polearm_4, bailey

Skill      XL: |  1  2  3  4  5  6  7  8  9 |
---------------+----------------------------+-----
Fighting       | 4 5 6 8 |  8.7
Shields        | 4 5 6 8 |  8.7
Armour         | 4 5 6 8 10 11 | 11.0
Axes           | 3 4 5 6 7 8 |  8.1

Action                   |  1- 3 |  4- 6 |  7- 9 || total
-------------------------+-------+-------+-------++-------
Melee: War axe           |    94 |   118 |    35 ||   247
       Headbutt          |    16 |    15 |    34 ||    65
       Hand axe          |       |    18 |   127 ||   145
  Use: Potion            |       |     1 |       ||     1
       Scroll            |       |       |     1 ||     1
 Stab: Paralysed         |       |       |     9 ||     9
Armor: Scale mail        |    45 |    60 |     3 ||   108
       Chain mail        |       |       |    63 ||    63
Dodge: Dodged            |    32 |    62 |    64 ||   158
Block: Kite shield       |    60 |    67 |       ||   127
       Buckler           |       |    13 |    58 ||    71

Table legend: (Time is in decaauts)
 A = Elapsed time spent in this place.
 B = Non-inter-level travel time spent in this place.
 C = Inter-level travel time spent in this place.
 D = Time resting spent in this place.
 E = Time spent auto-exploring this place.
 F = Levels seen in this place.
 G = Mean time per level.
                   A        B        C        D        E       F      G
               +--------+--------+--------+--------+--------+-----+--------+
         Total |   8027 |   7750 |    277 |   1304 |   5310 |  10 |  802.7 |
       Dungeon |   7736 |   7466 |    270 |   1304 |   5065 |   8 |  967.0 |
        Temple |    280 |    274 |      6 |      0 |    245 |   1 |  280.0 |
        Bailey |     10 |     10 |      0 |      0 |      0 |   1 |   10.0 |
               +--------+--------+--------+--------+--------+-----+--------+

Top non-repeatable levels by time:
     D:6: 1204 daAuts
     D:5: 1197 daAuts
     D:1: 1187 daAuts
     D:7: 1135 daAuts
     D:3: 964 daAuts
     D:4: 959 daAuts
     D:2: 947 daAuts
  Temple: 280 daAuts
     D:8: 139 daAuts
  Bailey: 10 daAuts
